 Dungeon Crawl Stone Soup version 0.29.1-15-g9cfb28693d (webtiles) character file.

Game seed: 18366460492844196163

881 leafyfresh the Covert (level 8, -1/54 HPs)
             Began as an Octopode Delver on Mar 4, 2023.
             Was an Initiate of Ashenzari.
             Slain by an orc
             ... wielding a +0 great sword
              (14 damage)
             ... on level 6 of the Dungeon.
             The game lasted 00:12:11 (8572 turns).

leafyfresh the Covert (Octopode Delver)             Turns: 8572, Time: 00:12:11

Health: -1/54      AC:  5    Str: 11    XL:     8   Next: 5%
Magic:  3/8        EV: 14    Int: 12    God:    Ashenzari [......]
Gold:   279        SH:  0    Dex: 16    Spells: 2/7 levels left

rFire   . . .      SeeInvis .   a - +0 short sword
rCold   . . .      Faith    .   (no shield)
rNeg    . . .      Spirit   .   (helmet restricted)
rPois   .          Reflect  .   (no amulet)
rElec   .          Harm     .   v - ring of wizardry
rCorr   .          Rampage  .   d - +4 ring of protection
Will    .....                   (no ring)
Stlth   +++++.....              (no ring)
HPRegen 0.18/turn               (no ring)
MPRegen 0.11/turn               (no ring)
                                (no ring)
                                (no ring)

@: about to teleport, very slightly contaminated
A: almost no armour, amphibious, 8 rings, camouflage 1, gelatinous body 1,
(nimble swimmer 1), tentacles
a: Renounce Religion


You were on level 6 of the Dungeon.
You worshipped Ashenzari.
Ashenzari was noncommittal.
You visited 2 branches of the dungeon, and saw 7 of its levels.

You collected 279 gold pieces.

Inventory:

Hand Weapons
 a - a +0 short sword (weapon)
 e - a +0 rapier
 y - a +0 shortbow of flaming
Missiles
 q - 5 javelins (quivered)
Armour
 o - an orb of mayhem
Magical Staves
 h - a staff of conjuration
 n - a staff of earth
Jewellery
 d - a +4 ring of protection (right tentacle)
 v - a ring of wizardry (left tentacle)
Wands
 f - a wand of digging (2)
Scrolls
 b - a scroll of fog
 c - 2 scrolls of magic mapping
 g - 3 scrolls of noise
 i - 5 scrolls of teleportation
 k - a scroll of brand weapon
 m - a scroll of enchant weapon
 p - a scroll of blinking
 r - 4 scrolls of vulnerability
 s - 2 scrolls of enchant armour
 u - 2 scrolls of poison
 x - a scroll of butterflies {unknown}
Potions
 j - a potion of brilliance {unknown}
 l - 2 potions of lignification
 t - 2 potions of heal wounds
 w - a potion of curing {unknown}
 z - a potion of might {unknown}


   Skills:
 - Level 4.4 Fighting
 - Level 3.7 Short Blades
 - Level 3.8 Dodging
 - Level 8.1 Stealth
 + Level 5.6 Transmutations


You had 2 spell levels left.
You knew the following spells:

 Your Spells              Type           Power      Damage    Failure   Level
a - Blade Hands           Tmut           6%         N/A       34%         5

Your spell library contained the following spells:

 Spells                   Type           Power      Damage    Failure   Level
 Portal Projectile        Hex/Tloc       0%         N/A       36%         3
 Tukima's Dance           Hex            0%         N/A       36%         3
 Summon Ice Beast         Ice/Summ       0%         N/A       75%         4
 Summon Mana Viper        Hex/Summ       0%         N/A       97%         5
 Monstrous Menagerie      Summ           0%         N/A       100%        7


Dungeon Overview and Level Annotations

Branches:
Dungeon (6/15)             Temple (1/1) D:6

Altars:
Ashenzari
Cheibriados
Dithmenos
Fedhas
Hepliaklqana
Kikubaaqudgha
Nemelex Xobeh
Okawaru
Qazlal
Ru
Sif Muna
Trog
Vehumet
Wu Jian
Xom
Yredelemnul

Shops:
D:3 (


Innate Abilities, Weirdness & Mutations

You cannot wear most types of armour.
You are amphibious.
You can wear up to eight rings at the same time.
Your skin changes colour to match your surroundings (Stealth+).
Your rubbery body absorbs attacks. (AC +1, EV +1)
((You are camouflaged when in or above water. (Stealth+)))
You have tentacles for arms and can constrict up to eight enemies at once.


Message History

An orc is nearby!
Things that are here:
a black bear corpse; an adder corpse An orc is nearby!
You see here 8 gold pieces.
The orc hits you with a +0 great sword.
You closely miss the orc. Your grab misses the orc.
You tentacle-slap the orc, but do no damage.
The orc wizard gestures at you while chanting.
The magic dart hits you. The orc barely misses you.
You hit the orc but do no damage. You grab the orc.
You constrict the orc, but do no damage.
The orc wizard casts a spell.
The orc wizard flickers and vanishes!
Deactivating autopickup; reactivate with Ctrl-A.
The orc closely misses you.
You hit the orc but do no damage.
You constrict the orc, but do no damage.
The orc hits you with a +0 great sword!
You hit the orc but do no damage. You constrict the orc.
The orc hits you with a +0 great sword!
Unknown command.
Casting: Blade Hands (quite dangerous; 34% risk of failure)
Confirm with . or Enter, or press ? or * to list all spells.
The spell is quite dangerous to miscast (34% risk of failure)!
Continue anyway?
You miscast Blade Hands.
You are very lightly contaminated with residual magic.
Nothing appears to happen.
You constrict the orc, but do no damage.
Something tries to affect you, but you resist.
The orc misses you.
Unknown command.
As you read the scroll of teleportation, it crumbles to dust.
You feel strangely unstable.
You constrict the orc. The orc hits you with a +0 great sword!
* * * LOW HITPOINT WARNING * * *
Unknown command.
Unknown command.
You release your grip on the orc.
The orc hits you with a +0 great sword!
You die...

##... #.#........## ....
#.#....(..... ..#####.#
.o........### .........
#.......... .#.###.#. #
#........# #..#....
#..###........# #....#.8
#.)...........## #...#....
>....# #....@.#..# #.#...8.>
......# #$.##o.(..## #...#...)
....... #†###?##...# ##....#.8
....... #.# #.# #..# ...##....
o...... #.# #.# #..##.####..#.
..o..:. #.###.###.......).....
....<..##.#......#..#####....#
...#...#......#..## #.#..[
.o...............#...####.##..


You could see an orc wizard (wandering) and an orc.

Vanquished Creatures
  2 black bears
  An ogre (D:5)
  A phantom (D:5)
  A scorpion (D:5)
  2 orc priests
  4 hounds
  An orc wizard (D:5)
  An iguana (D:5)
  18 adders
  A gnoll (Temple)
  An ufetubus (D:4)
  A dart slug (D:5)
  9 orcs
  11 ball pythons
  4 endoplasms
  4 giant cockroaches
  5 goblins
  5 hobgoblins
  A jackal (D:5)
  3 quokkas
  5 bats
  3 frilled lizards
  4 kobolds
  3 rats
91 creatures vanquished.

Notes
Turn   | Place    | Note
-------+----------+-------------------------------------------
     0 | D:5      | leafyfresh the Octopode Delver began the quest for the Orb.
     0 | D:5      | Reached XP level 1. HP: 16/16 MP: 1/1
    38 | D:5      | Noticed a hound
    45 | D:5      | Noticed a phantom
    48 | D:5      | Killed a hound
    49 | D:5      | Reached XP level 2. HP: 15/21 MP: 2/2
    49 | D:5      | Reached XP level 3. HP: 18/26 MP: 3/3
   298 | D:4      | Found a shadowy altar of Dithmenos.
   317 | D:4      | Reached skill level 7 in Stealth
   343 | D:4      | Found a blossoming altar of Fedhas.
   837 | D:3      | Reached XP level 4. HP: 24/31 MP: 4/4
  1182 | D:3      | Found Vedoe's Weapon Shoppe.
  1706 | D:4      | Found a basalt altar of Yredelemnul.
  1983 | D:2      | Reached XP level 5. HP: 22/37 MP: 5/5
  2461 | D:2      | Found a faded altar of an unknown god.
  3566 | D:4      | Found an iron altar of Okawaru.
  4074 | D:5      | Killed a phantom
  4075 | D:5      | Reached XP level 6. HP: 14/43 MP: 6/6
  4321 | D:5      | Reached skill level 8 in Stealth
  4613 | D:5      | Learned a level 5 spell: Blade Hands
  4643 | D:5      | Noticed an ice beast
  5614 | D:5      | Noticed a black bear
  5626 | D:5      | Killed a black bear
  5627 | D:5      | Reached XP level 7. HP: 19/49 MP: 7/7
  6230 | D:5      | Found an ornate altar of the Wu Jian Council.
  7443 | D:6      | Found a staircase to the Ecumenical Temple.
  7459 | Temple   | Entered the Ecumenical Temple
  7459 | Temple   | Found a transporter.
  7459 | Temple   | Found a transporter.
  7461 | Temple   | Found a transporter.
  7461 | Temple   | Found a transporter.
  7481 | Temple   | Became a worshipper of Ashenzari the Shackled
  7903 | Temple   | Reached skill level 5 in Transmutations
  8447 | D:6      | Reached XP level 8. HP: 30/54 MP: 3/8
  8572 | D:6      | Slain by an orc

Illustrated notes

Levels and vault maps discovered:
D:1:      scummos_arrival_gate, layout_loops_corners, serial_park_tiny_1,
          st_stairs_4
D:2:      layout_basic, hellmonk_ecumenical_altar_arch_garden,
          minmay_fountain_box, nicolae_concentric_dashed_squares_wild,
          hangedman_decor_opposing
D:3:      layout_loops_ring, serial_shops, shop, bh_walls_and_bars
D:4:      layout_loops_cross, mainiacjoe_overflow_catwalk_spiral,
          mainiacjoe_overflow_surrounded_room, grunt_dithmenos_smoke_and_mirrors
D:5:      layout_cave_pools, nicolae_wu_jian_immortal_techniques,
          grunt_ministairs_7, minmay_quadrilaterals
D:6:      layout_rooms, good_gods_mini_temple, minmay_temple_entry_sparse_star,
          chequers_arboretum
Temple:   hellmonk_temple_divided_pantheon

Skill      XL: |  1  2  3  4  5  6  7 |
---------------+----------------------+-----
Stealth        | 7 8 |  8.1
Short Blades   | 3 |  3.7
Dodging        | 3 |  3.8
Fighting       | 4 |  4.4
Transmutations | 2 5 |  5.6

Action                   |  1- 3 |  4- 6 |  7- 9 || total
-------------------------+-------+-------+-------++-------
Melee: Short sword       |    23 |   131 |    72 ||   226
       Constrict         |     5 |    21 |    21 ||    47
       Tentacles         |     2 |    26 |    28 ||    56
       Punch             |       |     2 |     3 ||     5
       Unarmed           |       |       |    13 ||    13
 Cast: Blade Hands       |       |       |     4 ||     4
Evoke: Wand              |       |       |     1 ||     1
  Use: Scroll            |       |     1 |    11 ||    12
       Potion            |       |     1 |     1 ||     2
 Stab: Sleeping          |    10 |    22 |       ||    32
       Distracted        |     1 |     1 |       ||     2
Armor: Skin              |     2 |     4 |    14 ||    20
Dodge: Dodged            |     8 |    72 |    57 ||   137
